 Dungeon Crawl Stone Soup version 0.30-a0-457-g4b7bca3bfa (webtiles) character file.

Game seed: 17353741720806608182

15782 McMuffin the Thaumaturge (level 12, -8/85 (87) HPs)
             Began as a Demonspawn Hedge Wizard on Dec 13, 2022.
             Was a Priest of Dithmenos.
             Killed from afar by an orc sorcerer (32 damage)
             ... with a bolt of fire
             ... led by an orc warlord
             ... on level 2 of the Orcish Mines.
             The game lasted 01:24:59 (13865 turns).

McMuffin the Thaumaturge (Demonspawn Hedge Wizard) Turns: 13865, Time: 01:24:59

HP:   -8/85 (87)    AC: 18    Str: 10    XL:     12   Next: 4%
MP:   21/25         EV: 12    Int: 16    God:    Dithmenos [***...]
Gold: 944           SH: 10    Dex: 18    Spells: 22/29 levels left

rFire   . . .      SeeInvis .    L - +4 scimitar (pain)
rCold   x . .      Faith    .    Y - +0 kite shield
rNeg    . . .      Spirit   .    M - +3 acid dragon scales
rPois   +          Reflect  .    o - +0 helmet
rElec   .          Harm     .    (no cloak)
rCorr   +          Rampage  .    s - +0 pair of gloves
Will    .....                    (no boots)
Stlth   +++.......               w - amulet of regeneration
HPRegen 1.14/turn                i - +4 ring of protection
MPRegen 0.19/turn                H - ring of wizardry

@: about to teleport, wreathed by umbra, lightly drained
A: demonic guardian 3, foul stench 1, sharp scales 1, poison resistance, shaggy
fur 1, cold vulnerability 1
a: Renounce Religion, Shadow Step


You were on level 2 of the Orcish Mines.
You worshipped Dithmenos.
Dithmenos was most pleased with you.
You visited 2 branches of the dungeon, and saw 13 of its levels.
You also visited: Ossuary.

You collected 1103 gold pieces.
You spent 159 gold pieces at shops.

Inventory:

Hand Weapons
 b - a +0 scimitar of flaming
 L - a +4 scimitar of pain (weapon)
 Z - the +8 quarterstaff of Intuition {drain, +Blink rC- Str+3 Dex+9}
   (You found it on level 9 of the Dungeon)

   A truly terrible weapon, it drains the life of any living foe it strikes.
   Str:       It affects your strength (+3).
   Dex:       It affects your dexterity (+9).
   rC:        It makes you vulnerable to cold.
   +Blink:    It lets you blink.
Armour
 c - a +0 troll leather armour
 o - a +0 helmet (worn)
 s - a +0 pair of gloves (worn)
 M - +3 acid dragon scales (worn)
 S - a +1 ring mail of willpower
 U - +0 steam dragon scales
 Y - a +0 kite shield (worn)
Jewellery
 i - a +4 ring of protection (left hand)
 w - an amulet of regeneration (around neck)
 F - an amulet of guardian spirit
 H - a ring of wizardry (right hand)
 J - a ring of see invisible
 X - a ring of magical power
Wands
 f - a wand of flame (42)
 h - a wand of iceblast (6)
 N - a wand of charming (11)
Scrolls
 e - 4 scrolls of noise
 g - 3 scrolls of fog
 q - 5 scrolls of fear
 v - a scroll of acquirement {unknown}
 x - 3 scrolls of poison
 y - 4 scrolls of teleportation
 C - 5 scrolls of torment
 D - 4 scrolls of enchant weapon {unknown}
 E - 3 scrolls of magic mapping {unknown}
 K - 3 scrolls of immolation
 O - a scroll of blinking {unknown}
 Q - 2 scrolls of amnesia {unknown}
 V - a scroll of vulnerability {unknown}
 W - 2 scrolls of butterflies {unknown}
Potions
 a - a potion of cancellation {unknown}
 d - a potion of magic
 l - 8 potions of curing
 m - 2 potions of degeneration
 p - 4 potions of lignification
 r - 2 potions of berserk rage
 z - 3 potions of ambrosia
 A - 3 potions of attraction
 B - 6 potions of might
 G - a potion of invisibility
 I - a potion of flight
 P - a potion of haste
 T - 4 potions of heal wounds {unknown}


   Skills:
 + Level 5.9 Fighting
 + Level 4.4(6.9) Short Blades
 + Level 8.2(8.8) Long Blades
 + Level 4.9 Armour
 + Level 5.8 Dodging
 - Level 3.2 Stealth
 + Level 4.7 Shields
 + Level 9.0 Spellcasting
 + Level 5.1 Conjurations
 + Level 5.3 Summonings
 + Level 0.8 Translocations
 + Level 1.8 Ice Magic


You had 22 spell levels left.
You knew the following spells:

 Your Spells              Type           Power      Damage    Failure   Level
a - Magic Dart            Conj           92%        1d7       2%          1
b - Call Imp              Summ           24%        N/A       3%          2
c - Summon Ice Beast      Ice/Summ       18%        N/A       38%         4

Your spell library contained the following spells:

 Spells                   Type           Power      Damage    Failure   Level
 Kiss of Death            Conj/Necr      60%        2d10      6%          1
 Static Discharge         Conj/Air       30%        2-4/arc   10%         2
 Slow                     Hex            28%        N/A       17%         1
 Blink                    Tloc           18%        N/A       19%         2
 Cigotuvi's Dreadful Rot  Necr/Pois/Air  14%        N/A       26%         2
 Scorch                   Fire           14%        2d6       26%         2
 Frozen Ramparts          Ice            26%        1d4       26%         3
 Mephitic Cloud           Conj/Pois/Air  12%        N/A       26%         3
 Vhi's Electric Charge    Tloc/Air       16%        N/A       41%         3
 Confusing Touch          Hex            7%         N/A       45%         3
 Ignite Poison            Fire/Tmut/Pois 7%         N/A       45%         3
 Tukima's Dance           Hex            7%         N/A       45%         3
 Flame Wave               Conj/Fire      15%        2d7       50%         4
 Sticky Flame             Conj/Fire      15%        2d4       50%         4
 Ice Form                 Ice/Tmut       10%        N/A       75%         4
 Manifold Assault         Tloc           9%         N/A       75%         4
 Passage of Golubria      Tloc           9%         N/A       75%         4
 Arcjolt                  Conj/Air       7%         1d17      83%         5
 Lightning Bolt           Conj/Air       7%         1d20      83%         5
 Dispel Undead            Necr           7%         3d8       85%         4
 Summon Cactus Giant      Summ           12%        N/A       95%         6
 Yara's Violent Unravell  Hex/Tmut       3%         3d4       99%         5
 Storm Form               Tmut/Air       3%         N/A       100%        7
 Ignition                 Fire           3%         3d4       100%        8


Dungeon Overview and Level Annotations

Branches:
Dungeon (11/15)            Temple (0/1) D:4            Lair (0/5) D:11
    Orc (2/2) D:11        Ossuary (visited)
    Elf: Orc:2

Altars:
Cheibriados
Dithmenos
Kikubaaqudgha
Nemelex Xobeh
Okawaru
Uskayaw
Vehumet
Wu Jian
Xom

Shops:
D:1 (   D:4 [=:(=   D:5 (   D:6 =[[[?   Orc:1 **

Annotations:
D:4 Eustachio
D:5 Pikel


Innate Abilities, Weirdness & Mutations

A powerful demonic guardian rushes to your aid.
You may rarely emit foul miasma when damaged in melee.
You are partially covered in razor-sharp scales. (AC +1, Slay +1)
Your system is resistant to poisons. (rPois)
You are covered in fur. (AC +1)
You are vulnerable to cold. (rC-)


Message History

The orc warrior unwields a +0 long sword.
The orc warrior wields a +0 arbalest.
The orc warrior shoots a bolt.
The bolt hits you!
You hear a shout!
You barely miss the orc warrior. You block the orc warrior's attack. x2
You completely miss the orc warrior.
The orc warrior hits you with a +0 battleaxe.
You emit a cloud of foul miasma!
You block the orc warrior's attack.
You slash the orc warrior!
The orc warrior is heavily wounded.
The orc warrior is engulfed in dark miasma.
The orc warrior is poisoned.
The orc warrior hits you with a +0 battleaxe.
The orc sorcerer casts a spell.
You block the orc warrior's attack.
You slash the orc warrior!
The orc warrior is almost dead.
The orc warrior is engulfed in dark miasma.
The orc warrior looks even sicker.
The orc warrior hits you but does no damage.
You block the orc warrior's attack.
You barely miss the orc warrior.
The orc warrior is almost dead.
The orc warrior is engulfed in dark miasma.
The orc warrior looks even sicker.
You kill the orc warrior!
Dithmenos accepts your kill.
The orc warrior hits you from afar with a +1 halberd of flaming!
* * * LOW HITPOINT WARNING * * *
The orc warrior burns you.
* * * LOW HITPOINT WARNING * * *
Your Spellcasting skill increases to level 9!
As you read the scroll of teleportation, it crumbles to dust.
You feel strangely unstable.
The orc sorcerer gestures wildly while chanting.
You block the orc warrior's attack.
The orc sorcerer gestures at you while chanting.
The bolt of fire hits the sun demon.
The sun demon completely resists.
The bolt of fire hits you!!
You die...

#.....8.8.....# #
###.....)...###..
..##.......##....
.....4.o.........
..)...8{8oo.....#
###..o.oo.4.#####
#####3#########
#.##(..#..
#@##...#.#
###)###'##.#
#..).).....#
..#.##'##....####
..#.#.).#....#..#
...#..(#)...').#
##.#####.####..#
#..........####
#....)####.####


You could see a sun demon (summoned), an orange demon (summoned), an orc
sorcerer, an orc warrior and an orc.

Vanquished Creatures
  Erica (Orc:1)
  2 two-headed ogres
  The ghost of pokeman the Thaumaturge, a novice DEHW of Vehumet (D:8)
  4 komodo dragons (D:11)
  A troll (Orc:1)
  A shadow (D:11)
  4 nameless horrors
  2 wraiths
  A basilisk (D:11)
  7 yaks
  2 steam dragons
  A warg (Orc:2)
  An acid dragon (D:9)
  11 orc warriors
  2 black bears
  5 ogres
  3 kobold brigands
  2 bullfrogs
  A gnoll sergeant (D:9)
  An elf zombie (Ossuary)
  A scorpion (D:7)
  4 wights (D:10)
  A killer bee (D:9)
  3 howler monkeys
  2 jellies
  9 orc priests
  2 hounds (D:7)
  11 orc wizards
  A hound zombie (Ossuary)
  2 mummies (Ossuary)
  8 adders
  3 gnolls (D:5)
  2 ufetubi
  3 worms
  A dart slug (D:2)
  47 orcs
  6 endoplasms
  5 giant cockroaches
  15 goblins
  10 hobgoblins
  12 kobolds
  6 quokkas
  4 ball pythons
  3 bats (D:2)
  2 frilled lizards
  A gnoll zombie (Ossuary)
  A hobgoblin zombie (Ossuary)
  A jackal zombie (Ossuary)
  A kobold zombie (Ossuary)
  2 rat zombies (Ossuary)
222 creatures vanquished.

Vanquished Creatures (collateral kills)
  2 two-headed ogres (Orc:2)
  An ugly thing (D:11)
  A kobold demonologist (D:10)
  A komodo dragon (D:11)
  Maggie (D:7)
  A troll (Orc:2)
  Sigmund (D:2)
  3 vampires
  9 yaks
  2 wyverns
  A basilisk (D:11)
  2 acid dragons (D:11)
  2 water moccasins (D:6)
  3 orc warriors
  A sky beast (D:6)
  A centaur (D:9)
  2 ogres
  A necrophage (D:6)
  3 wights (D:7)
  A howler monkey (D:8)
  3 hounds
  A human zombie (Ossuary)
  2 jellies
  5 orc priests
  5 orc wizards
  An iguana (D:6)
  A hound zombie (Ossuary)
  2 mummies (Ossuary)
  Robin (D:2)
  3 adders
  2 worms
  A dart slug (D:4)
  34 orcs
  2 bats (D:3)
  2 endoplasms
  2 goblins
  3 hobgoblins
  A quokka (D:3)
  A jackal zombie (Ossuary)
  3 kobolds
  A kobold zombie (Ossuary)
115 creatures vanquished.

Grand Total: 337 creatures vanquished

Notes
Turn   | Place    | Note
-------+----------+-------------------------------------------
     0 | D:1      | McMuffin the Demonspawn Hedge Wizard began the quest for
                  | the Orb.
     0 | D:1      | Reached XP level 1. HP: 13/13 MP: 4/4
   145 | D:1      | Found Neuqim's Weapon Emporium.
   236 | D:1      | You fall into a shaft and drop 1 floor!
   372 | D:2      | Gained mutation: A weak demonic guardian rushes to your
                  | aid. [demonic ancestry]
   372 | D:2      | Reached XP level 2. HP: 19/19 MP: 1/6
   656 | D:2      | Noticed Robin
   843 | D:1      | Gained mutation: A demonic guardian rushes to your aid.
                  | [demonic ancestry]
   843 | D:1      | Reached XP level 3. HP: 19/24 MP: 6/8
  1539 | D:2      | Killed Robin
  1564 | D:2      | Reached skill level 4 in Spellcasting
  1824 | D:2      | Reached XP level 4. HP: 30/30 MP: 7/10
  1956 | D:2      | Learned a level 2 spell: Call Imp
  2157 | D:2      | Noticed Sigmund
  2167 | D:2      | Killed Sigmund
  2168 | D:2      | Reached skill level 1 in Short Blades
  2168 | D:2      | Reached XP level 5. HP: 28/36 MP: 3/11
  2997 | D:3      | Reached XP level 6. HP: 42/42 MP: 8/12
  3481 | D:4      | Found a staircase to the Ecumenical Temple.
  3643 | D:4      | Noticed Eustachio
  3762 | D:4      | Found Buvyefam's Antique Armour Emporium.
  3899 | D:4      | Found Dott's Jewellery Shop.
  3901 | D:4      | Found Umneus's Antique Weapon Emporium.
  3913 | D:4      | Reached skill level 1 in Fighting
  4042 | D:4      | Found Bats's Book Shoppe.
  4065 | D:4      | Found Pus Osch's Jewellery Shop.
  4473 | D:5      | Entered Level 5 of the Dungeon
  4584 | D:5      | Found a snail-covered altar of Cheibriados.
  4826 | D:5      | Found a sand-covered staircase.
  4838 | Ossuary  | Entered an ossuary
  4861 | Ossuary  | Reached XP level 7. HP: 26/48 MP: 8/14
  4875 | Ossuary  | Reached skill level 5 in Spellcasting
  4904 | Ossuary  | Reached skill level 1 in Shields
  5425 | D:5      | Found a sparkling altar of Nemelex Xobeh.
  5439 | D:5      | Found Tishenus's Weapon Shop.
  5526 | D:5      | Noticed Pikel
  5560 | D:6      | Found Joamir's Antique Armour Shop.
  5573 | D:6      | Found Tikysogu's Antique Armour Shop.
  5697 | D:6      | Found an ancient bone altar of Kikubaaqudgha.
  5697 | D:6      | Found a radiant altar of Vehumet.
  5890 | D:6      | Reached skill level 1 in Armour
  5890 | D:6      | Gained mutation: You are partially covered in razor-sharp
                  | scales. (AC +1, Slay +1) [demonic ancestry]
  5890 | D:6      | Reached XP level 8. HP: 56/56 MP: 11/16
  5934 | D:6      | Found Rymaezul's Magic Scroll Shop.
  5937 | D:6      | Bought a scroll of identify for 24 gold pieces
  5946 | D:6      | Gained mutation: You are covered in fur. (AC +1) [potion of
                  | mutation]
  5946 | D:6      | Gained mutation: You are vulnerable to cold. (rC-) [potion
                  | of mutation]
  5946 | D:6      | Gained mutation: Your system is resistant to poisons.
                  | (rPois) [potion of mutation]
  6005 | D:6      | Found Saant's Antique Armour Emporium.
  6413 | D:6      | Reached skill level 6 in Spellcasting
  6466 | D:6      | Found Wuhuih's Jewellery Emporium.
  7039 | D:7      | Noticed Maggie
  7065 | D:7      | HP: 2/57 [Maggie/bolt of fire (25)]
  7066 | D:7      | Killed Maggie
  7067 | D:7      | Reached XP level 9. HP: 10/62 MP: 13/18
  7228 | D:7      | Found a shimmering altar of Xom.
  7499 | D:7      | Reached skill level 1 in Long Blades
  7501 | D:7      | Reached skill level 7 in Spellcasting
  7637 | D:7      | Found an iron altar of Okawaru.
  8049 | D:8      | Found a runed translucent door.
  8088 | D:8      | Noticed pokeman's ghost (novice DEHW)
  8159 | D:8      | Killed pokeman's ghost
  8213 | D:8      | Gained mutation: A powerful demonic guardian rushes to your
                  | aid. [demonic ancestry]
  8213 | D:8      | Reached XP level 10. HP: 38/70 MP: 13/21
  8464 | D:8      | Identified the +2 mace of Attainder {venom, *Slow rPois
                  | Dex+2 SInv}
  8535 | D:8      | Found a hide-covered altar of Uskayaw.
  9118 | D:9      | Noticed a two-headed ogre
  9130 | D:9      | Killed a two-headed ogre
  9132 | D:9      | Reached skill level 8 in Spellcasting
  9198 | D:9      | Found a large runed translucent door.
  9200 | D:9      | Found a large runed translucent door.
  9245 | D:9      | Reached skill level 5 in Long Blades
  9360 | D:9      | Found an ornate altar of the Wu Jian Council.
  9363 | D:9      | Found a shadowy altar of Dithmenos.
  9367 | D:9      | Became a worshipper of Dithmenos the Shadowed
  9390 | D:9      | Identified the +8 quarterstaff of Intuition {drain, +Blink
                  | rC- Str+3 Dex+9}
  9455 | D:9      | Reached skill level 5 in Dodging
 10638 | D:10     | Entered Level 10 of the Dungeon
 10692 | D:10     | Reached skill level 5 in Fighting
 10837 | D:10     | Learned a level 4 spell: Summon Ice Beast
 10868 | D:10     | Identified the +4 flail of Dissent {vorpal, rPois Str+4
                  | Int-2 Dex+3}
 11019 | D:10     | Noticed a nameless horror
 11028 | D:10     | Killed a nameless horror
 11406 | D:10     | Noticed a sun demon
 11408 | D:10     | Gained mutation: You may rarely emit foul miasma when
                  | damaged in melee. [demonic ancestry]
 11408 | D:10     | Reached XP level 11. HP: 79/79 MP: 20/23
 11621 | D:11     | Noticed a cyan ugly thing
 11640 | D:11     | Killed a cyan ugly thing
 11641 | D:11     | Reached skill level 5 in Summonings
 11641 | D:11     | Reached skill level 1 in Ice Magic
 11974 | D:10     | Noticed a soul eater
 12000 | D:10     | Noticed a sun demon
 12013 | D:10     | Noticed a soul eater
 12015 | D:10     | Noticed a soul eater
 12016 | D:10     | HP: 1/78 [sun demon[a kobold demonologist] (18)]
 12460 | D:11     | Reached * piety under Dithmenos
 12495 | D:11     | Reached skill level 5 in Conjurations
 12548 | D:11     | Found a staircase to the Lair.
 12807 | D:11     | Found a staircase to the Orcish Mines.
 12897 | Orc:1    | Entered Level 1 of the Orcish Mines
 12957 | Orc:1    | Found Mahoenely's Specific Store.
 12966 | Orc:1    | Found Xuacuderph's General Store.
 12974 | Orc:1    | Bought a scroll of enchant armour for 135 gold pieces
 12999 | Orc:1    | Noticed Erica
 13026 | Orc:1    | Killed Erica
 13026 | Orc:1    | Reached ** piety under Dithmenos
 13154 | Orc:2    | Entered Level 2 of the Orcish Mines
 13177 | Orc:2    | Noticed a two-headed ogre
 13190 | Orc:2    | Killed a two-headed ogre
 13211 | Orc:2    | Noticed a two-headed ogre
 13219 | Orc:2    | Killed a two-headed ogre
 13504 | Orc:2    | Noticed a two-headed ogre
 13518 | Orc:2    | Killed a two-headed ogre
 13700 | Orc:2    | Reached XP level 12. HP: 84/87 MP: 24/24
 13778 | Orc:2    | Reached *** piety under Dithmenos
 13786 | Orc:2    | Noticed an orc warlord
 13864 | Orc:2    | Reached skill level 9 in Spellcasting
 13865 | Orc:2    | Killed from afar by an orc sorcerer

Illustrated notes

Levels and vault maps discovered:
D:1:      minmay_arrival_stair_chambers, layout_basic, serial_shops,
          nicolae_shop_advertising_works [nicolae_subvault_shop_adworks]
D:2:      layout_basic, minmay_surrounded, uniq_robin, uniq_sigmund
D:3:      layout_basic, serial_glass, glass_columns_b, glass_columns_a
D:4:      layout_cave_pools, minmay_temple_entry_from_below_a,
          gup_sewer_entry_glass, serial_shops,
          nicolae_shop_temple_entry_statues_fountains, nicolae_shop_trees,
          nicolae_shop_statue_plus, shop, kennysheep_mini, uniq_eustachio
D:5:      layout_basic, elyvilon_altar_4, general_overflow_altar,
          nemelex_spade_bored_becter, slow_altar_1, serial_shops, shop,
          nicolae_ossuary_entry_ruins, uniq_pikel
D:6:      layout_basic, jmf_multi_god_temple, serial_shops, shop, shop,
          kennysheep_mini_moat, nicolae_stop_n_shop_2, shop,
          minmay_misc_feat_hallway, st_stairs_5
D:7:      layout_cave_pools, mainiacjoe_overflow_boulevard,
          mainiacjoe_overflow_24_doors, uniq_maggie
D:8:      layout_cave_pods, mainiacjoe_overflow_small_starburst,
          ebering_ghost_reflecting_pool
D:9:      layout_layer_cave, jmf_multi_god_temple2, nzn_life_drinkers
D:10:     layout_grid_maze
D:11:     layout_roguey, erik_lair_dragon, hiddenorc2_lemuel
Orc:1:    layout_caves, special_room [special_room_bee], nicolae_specific_store,
          uniq_erica
Orc:2:    pubby_orc_utopia, serial_shops

Skill      XL: |  1  2  3  4  5  6  7  8  9 10 11 12 |
---------------+-------------------------------------+-----
Dodging        | 2 3 4 5 |  5.8
Spellcasting   | 4 5 6 7 8 9 |  9.0
Short Blades   | 1 2 3 4 |  4.4
Conjurations   | 2 3 4 5 |  5.1
Stealth        | 2 3 |  3.2
Fighting       | 1 2 3 5 |  5.9
Summonings     | 2 3 4 5 |  5.3
Shields        | 1 2 3 4 |  4.7
Armour         | 1 2 3 4 |  4.9
Long Blades    | 3 6 8 |  8.2
Ice Magic      | 1 |  1.8
Translocations | |  0.8

Action                   |  1- 3 |  4- 6 |  7- 9 | 10-12 || total
-------------------------+-------+-------+-------+-------++-------
Melee: Dagger            |    45 |       |       |       ||    45
       Short sword       |    39 |   163 |   236 |       ||   438
       Scimitar          |       |       |    96 |   428 ||   524
 Cast: Magic Dart        |    81 |   126 |   144 |   107 ||   458
       Call Imp          |       |    18 |    44 |    14 ||    76
       Summon Ice Beast  |       |       |       |    24 ||    24
Evoke: Wand              |     1 |       |       |       ||     1
  Use: Scroll            |       |     1 |    12 |    10 ||    23
       Potion            |       |       |     2 |       ||     2
 Stab: Distracted        |       |     1 |     6 |     2 ||     9
       Sleeping          |       |     1 |       |     1 ||     2
Armor: Robe              |    27 |   133 |    20 |       ||   180
       Leather armour    |       |       |    43 |       ||    43
       Acid dragon scale |       |       |    53 |   179 ||   232
Dodge: Dodged            |    57 |   153 |   167 |   257 ||   634
Block: Buckler           |     8 |    49 |    62 |    29 ||   148
       Kite shield       |       |       |       |   190 ||   190

Table legend: (Time is in decaauts)
 A = Elapsed time spent in this place.
 B = Non-inter-level travel time spent in this place.
 C = Inter-level travel time spent in this place.
 D = Time resting spent in this place.
 E = Time spent auto-exploring this place.
 F = Levels seen in this place.
 G = Mean time per level.
                   A        B        C        D        E       F      G
               +--------+--------+--------+--------+--------+-----+--------+
         Total |  13972 |  13931 |     41 |   1258 |   8088 |  14 |  998.0 |
       Dungeon |  12609 |  12568 |     41 |   1218 |   7430 |  11 | 1146.3 |
  Orcish Mines |   1003 |   1003 |      0 |     40 |    567 |   2 |  501.5 |
       Ossuary |    358 |    358 |      0 |      0 |     90 |   1 |  358.0 |
               +--------+--------+--------+--------+--------+-----+--------+

Top non-repeatable levels by time:
     D:9: 1726 daAuts
     D:2: 1642 daAuts
     D:6: 1432 daAuts
    D:11: 1312 daAuts
     D:8: 1098 daAuts
     D:3: 1013 daAuts
    D:10: 969 daAuts
     D:4: 965 daAuts
     D:7: 883 daAuts
     D:1: 853 daAuts
   Orc:2: 723 daAuts
     D:5: 712 daAuts
 Ossuary: 358 daAuts
   Orc:1: 280 daAuts
